 Dungeon Crawl Stone Soup version 0.22.1-1-ga44c0e5 (webtiles) character file.

466 Fang the Chopper (level 7, -8/66 HPs)
             Began as a Gargoyle Berserker on Sept 28, 2018.
             Was a Believer of Trog.
             Killed from afar by Dowan (17 damage)
             ... with a shard of ice
             ... on level 5 of the Dungeon.
             The game lasted 00:04:01 (3267 turns).

Fang the Chopper (Gargoyle Berserker)               Turns: 3267, Time: 00:04:02

Health: -8/66      AC: 23    Str: 22    XL:     7   Next: 8%
Magic:  7/7        EV:  2    Int:  8    God:    Trog [**....]
Gold:   253        SH:  0    Dex:  9    Spells: 6/6 levels left

rFire    . . .     SeeInvis .   a - +0 hand axe
rCold    . . .     Gourm    .   (no shield)
rNeg     + + +     Faith    .   (armour currently unavailable)
rPois    ∞         Spirit   .   (helmet currently unavailable)
rElec    .         Reflect  .   (cloak currently unavailable)
rCorr    .         Harm     .   (gloves currently unavailable)
MR       +....     NoTele   +   (boots currently unavailable)
Stlth    ++........             (no amulet)
HPRegen  0.21/turn              j - ring of protection from magic
MPRegen  0.10/turn              r - ring of positive energy

@: tree-form, berserk cooldown, slowed, very slow
A: negative energy resistance 1, petrification resistance, rot immunity, AC +4
a: Berserk, Trog's Hand, Renounce Religion


You were on level 5 of the Dungeon.
You worshipped Trog.
Trog was pleased with you.
You were hungry.
You were a tree.
You visited 1 branch of the dungeon, and saw 5 of its levels.

You collected 253 gold pieces.

Inventory:

Hand Weapons
 a - a +0 hand axe (weapon)
Armour
 b - a +0 animal skin (melded)
 i - a +2 hat (melded)
Jewellery
 j - a ring of protection from magic (left branch)
 r - a ring of positive energy (right branch)
Wands
 n - a wand of polymorph (18)
Scrolls
 d - 3 scrolls of remove curse {unknown}
 g - 4 scrolls of identify {unknown}
 k - 2 scrolls of magic mapping {unknown}
 l - a scroll of amnesia {unknown}
 o - a scroll of teleportation {unknown}
 p - a scroll of blinking {unknown}
 q - a scroll of fog {unknown}
 s - a scroll of fear {unknown}
 u - a scroll of random uselessness {unknown}
Potions
 e - 4 potions of curing {unknown}
 h - a potion of agility
 m - a potion of cancellation {unknown}
 t - a potion of brilliance {unknown}
 v - a potion of heal wounds {unknown}
 w - a potion of haste {unknown}
Comestibles
 c - 6 rations


   Skills:
 + Level 4.7 Fighting
 + Level 5.3 Axes
 + Level 2.3 Armour
 + Level 3.2 Dodging
 + Level 1.6 Stealth


You had 6 spell levels left.
You didn't know any spells.
Your spell library was empty.

Dungeon Overview and Level Annotations

Branches:
Dungeon (5/15)
 Temple: D:4-7

Altars:
Gozag

Shops:
D:4 *

Annotations:
D:5 Dowan


Innate Abilities, Weirdness & Mutations

You are resistant to torment.
((Your stone body is resilient. (AC +4)))
You are immune to poison.
You resist negative energy. (rN+)
((You are resistant to electric shocks. (rElec)))
((You can survive without breathing.))
You are immune to petrification.
You are immune to rotting.


Message History

Helpless, you fail to dodge the stone arrow.
Dowan hits you but does no damage. x2
You barely miss Dowan.
Dowan is moderately wounded.
Dowan hits you but does no damage. x2
You miss Dowan.
Dowan is moderately wounded.
Dowan barely misses you. Dowan hits you but does no damage.
You hit Dowan.
Dowan is heavily wounded.
Dowan shakes with grief.
Dowan hits you but does no damage. x2
You closely miss Dowan.
Dowan is moderately wounded.
Dowan gestures wildly while chanting.
Dowan blinks!
Dowan hits you but does no damage.
You barely miss Dowan. Dowan casts a spell at you.
Helpless, you fail to dodge the shard of ice.
You die...

#....#..'....#..#......
#....#..##...#..#......
#....#####..##..#......
#....#......##..#.....#
#....#..##..##..#######
+....#..##..#
#....##'##..#
#.....e..#..#
#.....♣§.#...
+........#+###
#....)......
..>...........#
..............#
..####........# .
#........+ #........#


You could see Dowan.

Vanquished Creatures
  A water moccasin (D:3)
  Duvessa (D:5)
  A scorpion (D:4)
  A jelly (D:4)
  An iguana (D:4)
  2 worker ants
  An adder (D:4)
  An ooze (D:3)
  2 dart slugs
  5 leopard geckos
  9 orcs
  A ball python (D:1)
  6 giant cockroaches
  9 goblins
  6 hobgoblins
  2 jackals (D:1)
  6 kobolds
  A quokka (D:3)
  8 bats
  3 frilled lizards
  6 rats
73 creatures vanquished.

Notes
Turn   | Place    | Note
-------+----------+-------------------------------------------
     0 | D:1      | Fang the Gargoyle Berserker began the quest for the Orb.
     0 | D:1      | Reached XP level 1. HP: 14/14 MP: 1/1
   122 | D:1      | Reached skill level 3 in Axes
   125 | D:1      | Reached XP level 2. HP: 12/19 MP: 2/2
   653 | D:1      | Reached XP level 3. HP: 22/24 MP: 3/3
  1085 | D:2      | Reached ** piety under Trog
  1573 | D:3      | Reached XP level 4. HP: 21/29 MP: 4/4
  1758 | D:3      | Noticed a water moccasin
  1771 | D:3      | Killed a water moccasin
  1771 | D:3      | Reached skill level 4 in Axes
  1771 | D:3      | Reached skill level 1 in Stealth
  1771 | D:3      | Reached XP level 5. HP: 33/33 MP: 5/5
  2037 | D:4      | Reached XP level 6. HP: 8/39 MP: 6/6
  2285 | D:4      | Found an opulent altar of Gozag.
  2290 | D:4      | Found Gozag's Platinum Reserve.
  2431 | D:4      | Reached skill level 5 in Axes
  3169 | D:5      | Entered Level 5 of the Dungeon
  3229 | D:5      | Noticed Duvessa
  3230 | D:5      | Noticed Dowan
  3259 | D:5      | Killed Duvessa
  3259 | D:5      | Reached XP level 7. HP: 18/44 MP: 7/7
  3267 | D:5      | Killed from afar by Dowan

Skill      XL: |  1  2  3  4  5  6 |
---------------+-------------------+-----
Axes           | 3 4 5 |  5.3
Fighting       | 4 |  4.7
Dodging        | 2 3 |  3.2
Stealth        | 1 |  1.6
Armour         | |  2.3

Action                   |  1- 3 |  4- 6 |  7- 9 || total
-------------------------+-------+-------+-------++-------
Melee: Hand axe          |   138 |   129 |     5 ||   272
Invok: Berserk           |     1 |     3 |       ||     4
  Use: Potion            |       |       |     1 ||     1
 Stab: Sleeping          |     2 |       |       ||     2
  Eat: Chunk             |     3 |     7 |       ||    10
Armor: Animal skin       |    73 |    46 |       ||   119
       Skin              |       |       |     9 ||     9
Dodge: Dodged            |   131 |    78 |     1 ||   210
